 Dungeon Crawl Stone Soup version 0.31-a0-331-geda263fcf1 (webtiles) character file.

Game seed: 4576379247399691291

24 LustLizard the Digger (level 3, 20/20 HPs)
             Began as a Gargoyle Earth Elementalist on July 19, 2023.
             Quit the game on level 1 of the Dungeon.
             The game lasted 00:01:44 (814 turns).

LustLizard the Digger (Gargoyle Earth Elementalist)  Turns: 814, Time: 00:01:45

Health: 20/20      AC:  5    Str: 11    XL:     3   Next: 2%
Magic:  6/6        EV: 11    Int: 17    God:
Gold:   7          SH:  0    Dex: 10    Spells: 4/6 levels left

rFire   . . .        (no weapon)
rCold   . . .        (no shield)
rNeg    + . .        a - +0 robe
rPois   ∞            (no helmet)
rElec   +            (no cloak)
rCorr   .            (no gloves)
SInv    .            (no boots)
Will    .....        (no amulet)
Stlth   ++           (no ring)
HPRegen 0.23/turn    (no ring)
MPRegen 0.10/turn

%: no passive effects
@: no status effects
A: sickness immunity, AC +3, negative energy resistance 1, electricity
resistance, torment resistance 1, petrification resistance
a: no special abilities


You were on level 1 of the Dungeon.
You visited 1 branch of the dungeon, and saw 1 of its levels.

You collected 7 gold pieces.

Inventory:

Armour
 a - a +0 robe (worn)
Scrolls
 d - a scroll of teleportation {unknown}
 e - a scroll of identify {unknown}
Potions
 b - a potion of magic
 c - a potion of lignification {unknown}


   Skills:
 + Level 1.1 Fighting
 - Level 1.5 Dodging
 + Level 2.6 Stealth
 + Level 2.2 Spellcasting
 + Level 0.2 Conjurations
 - Level 0.7 Transmutations
 + Level 0.1 Air Magic
 * Level 4.1 Earth Magic


You had 4 spell levels left.
You knew the following spells:

 Your Spells              Type           Power      Damage    Failure   Level
a - Sandblast             Erth           30%        2d9       3%          1
b - Shock                 Conj/Air       8%         1d3       19%         1

Your spell library contained the following spells:

 Spells                   Type           Power      Damage    Failure   Level
 Passwall                 Tmut/Erth      8%         N/A       11%         2
 Stone Arrow              Conj/Erth      18%        3d8       22%         3
 Gell's Gravitas          Tloc           1%         N/A       50%         3
 Swiftness                Air            2%         N/A       50%         3
 Teleport Other           Tloc           1%         N/A       50%         3
 Petrify                  Tmut/Erth      10%        N/A       56%         4
 Airstrike                Air            1%         2d(1-17)  88%         4
 Dispersal                Tloc           0%         N/A       100%        6


Dungeon Overview and Level Annotations

Branches:
Dungeon (1/15)

Altars:

Shops:
D:1 =


Innate Abilities, Weirdness & Mutations

You are immune to sickness and miasma.
Your stone body is resilient. (AC +3)
You are immune to poison.
You resist negative energy. (rN+)
You are resistant to electric shocks. (rElec)
You are resistant to unholy torment.
You are immune to petrification.


Message History

A bat is nearby!
The bat closely misses you. The bat hits you but does no damage.
The blast of sand hits the bat!
You kill the bat!
You can't see any susceptible monsters within range! (Use Z to cast anyway.)
A rat comes into view.
A kobold comes into view. It is wielding a +0 whip.
The blast of sand hits the rat!
You kill the rat!
The kobold shouts!
You can't see any susceptible monsters within range! (Use Z to cast anyway.)
A kobold is nearby!
The blast of sand hits the kobold!
You kill the kobold!
You have reached level 3!
Your experience leads to an increase in your attributes!
Increase (S)trength, (I)ntelligence, or (D)exterity?
You feel clever. x2
You now have 7 gold pieces (gained 6).
A ball python comes into view.
A ball python is nearby!
The blast of sand hits the ball python!
You kill the ball python!
You can't see any susceptible monsters within range! (Use Z to cast anyway.)
Things that are here:
3 stones; a hobgoblin skeleton A hobgoblin comes into view.
The hobgoblin shouts!
The hobgoblin moves out of view.
There is an open door here.
Saving game... please wait.
Welcome back, LustLizard the Gargoyle Earth Elementalist.
Press ? for a list of commands and other information.
Unknown command.
Assign waypoint to what number? (0-9)
Okay, then.
Assign waypoint to what number? (0-9)
Okay, then.
Unknown command.
Are you sure you want to abandon this character and quit the game? (Confirm with "yes".)

#.# #.#...........#
#####.#.##........#
####.....#......#.#..#
#....########....>...#
#....#....#.....#.#..#
#....#.##.#.#....÷...#
#....'.#....#.........
#....###..###.#.......
#....@........##......
#....###########......
####.. #...... ###.
###..## ##.# #.## #...
###. #.


There were no monsters in sight!

Vanquished Creatures
  4 endoplasms (D:1)
  2 giant cockroaches (D:1)
  3 hobgoblins (D:1)
  3 ball pythons (D:1)
  3 bats (D:1)
  4 kobolds (D:1)
  3 rats (D:1)
22 creatures vanquished.

Notes
Turn   | Place    | Note
-------+----------+-------------------------------------------
     0 | D:1      | LustLizard the Gargoyle Earth Elementalist began the quest
                  | for the Orb.
     0 | D:1      | Reached XP level 1. HP: 10/10 MP: 3/3
   105 | D:1      | Reached XP level 2. HP: 8/16 MP: 1/5
   112 | D:1      | Reached skill level 4 in Earth Magic
   168 | D:1      | Learned a level 1 spell: Shock
   427 | D:1      | Reached skill level 1 in Fighting
   569 | D:1      | Found Xiph's Jewellery Emporium.
   638 | D:1      | Reached XP level 3. HP: 20/20 MP: 3/6
   814 | D:1      | Quit the game

Illustrated notes

Levels and vault maps discovered:
D:1:      dpeg_arrival_lava_temple_mockup, layout_basic, serial_shops, shop,
          st_stairs_14

Skill      XL: |  1  2 |
---------------+-------+-----
Earth Magic    | 4 |  4.1
Fighting       | 1 |  1.1
Dodging        | |  1.5
Stealth        | |  2.6
Spellcasting   | |  2.2
Conjurations   | |  0.2
Transmutations | |  0.7
Air Magic      | |  0.1

Action                     || total
---------------------------++-------
  Melee: Unarmed           ||    14
   Cast: Sandblast         ||    26
 Armour: Robe              ||    16
  Dodge: Dodged            ||    24

Table legend: (Time is in decaauts)
 A = Elapsed time spent in this place.
 B = Non-inter-level travel time spent in this place.
 C = Inter-level travel time spent in this place.
 D = Time resting spent in this place.
 E = Time spent auto-exploring this place.
 F = Levels seen in this place.
 G = Mean time per level.
                   A        B        C        D        E       F      G
               +--------+--------+--------+--------+--------+-----+--------+
         Total |    827 |    827 |      0 |      0 |    699 |   1 |  827.0 |
       Dungeon |    827 |    827 |      0 |      0 |    699 |   1 |  827.0 |
               +--------+--------+--------+--------+--------+-----+--------+

Top non-repeatable levels by time:
     D:1: 827 daAuts
